Map: Lerilak Crest

Players

NoRegreT - Winner!

  • Race: Zerg Zerg
  • League: Grandmaster

xKawaiian

  • Race: Terran Terran
  • League: Master

VOD

Have the link to the VOD?

Description

Time

  • Played on: Jan. 14, 2016, 5:48 p.m.
  • Length: 5:47
Show
View Real Time Build Order
Export as new Build Order

NoRegreT Zerg - Winner!

Build Orders: 3 Hatch before Pool 

Get SALT Encoding   

  12  0:01  Drone  
  13  0:08  Drone  
  14  0:16  Extractor  
  14  0:17  Drone  
  14  0:23  Drone, Extractor  
  16  0:30  Overlord  
  16  0:52  Hatchery  
  16  0:54  Drone  
  16  0:58  Drone  
  17  1:08  Drone  
  17  1:10  Drone  
  19  1:25  Hatchery  
  19  1:35  Drone  
  19  1:38  Extractor  
  18  1:41  Spawning Pool  
  18  1:44  Drone  
  18  1:49  Drone  
  19  1:59  Drone  
  20  2:05  Drone  
  21  2:11  Drone  
  22  2:28  Queen, Zergling x4  
  22  2:29  Queen  
  28  2:36  Drone x2  
  30  2:37  Drone x2  
  32  2:45  Metabolic Boost  
  32  2:48  Drone x2  
  34  2:55  Overlord  
  34  3:07  Overlord  
  34  3:15  Overlord  
  34  3:17  Roach Warren  
  34  3:18  Drone  
  34  3:24  Drone, Queen, Extractor x2  
  34  3:25  Drone x2  
  34  3:26  Drone  
  38  3:29  Drone  
  39  3:38  Drone x3  
  39  3:41  Drone x2  
  44  3:43  Drone  
  44  3:47  Drone x2  
  47  3:52  Zergling x6  
  47  3:54  Zergling x2  
  49  3:57  Zergling x2  
  50  4:04  Overlord  
  50  4:05  Overlord  
  50  4:12  Lair  
  50  4:13  Overlord  
  50  4:23  Roach x2  
  50  4:24  Roach x2  
  57  4:26  Roach  
  57  4:30  Roach  
  57  4:31  Roach  
  63  4:32  Roach  
  62  4:39  Roach  
  62  4:43  Roach  
  67  4:46  Roach  
  57  4:53  Roach  
  57  4:57  Roach  
  57  4:58  Roach x2  
  59  5:03  Roach  
  58  5:11  Roach  
  52  5:16  Roach  
  47  5:22  Roach  
Show
View Real Time Build Order
Export as new Build Order

xKawaiian Terran 

Build Orders: Hellion Opening 

Get SALT Encoding   

  12  0:00  SCV  
  13  0:13  SCV  
  14  0:17  Supply Depot  
  14  0:25  SCV  
  15  0:39  SCV  
  15  0:40  Barracks  
  16  0:46  Refinery  
  16  0:51  SCV  
  17  1:03  SCV  
  18  1:15  SCV  
  19  1:28  Orbital Command, Marine  
  20  1:40  Command Center  
  20  1:51  Supply Depot  
  20  1:55  SCV  
  21  2:01  Factory  
  21  2:06  Barracks Reactor  
  21  2:09  SCV  
  22  2:21  SCV  
  23  2:33  SCV  
  24  2:46  SCV  
  24  2:48  Factory  
  25  2:52  Orbital Command  
  25  2:55  Hellion x2  
  25  2:58  SCV  
  30  3:01  Barracks Reactor  
  30  3:10  SCV  
  30  3:17  Hellion x2  
  30  3:19  SCV  
  35  3:20  Supply Depot  
  35  3:22  SCV  
  36  3:32  SCV  
  37  3:34  SCV  
  37  3:41  Armory  
  38  3:42  Hellion x3  
  38  3:44  SCV  
  38  3:46  SCV  
  46  3:50  Hellion  
  46  3:52  Marine  
  49  4:00  Supply Depot  
  49  4:01  Supply Depot  
  49  4:03  Hellion x2  
  53  4:10  Marine  
  54  4:22  Hellion x2  
  58  4:28  Marine  
  59  4:39  Hellion  
  59  4:44  Hellion x2  
  64  4:45  Marine  
  62  4:56  Hellion  
  53  5:03  Marine  
  40  5:21  Hellion, Marine  
Tags
 
Add a new tag
Caveats
  • Supply blocks, unpowered buildings, or Contaminate may cause inaccurate times.
  • Supply counts are checked every 10 seconds.